AoeStats
← Kaer Morhen

Arabia

509424349Analyzed
3v3 RM · 6d ago on Sep 26, 2026· 22m 0s· 6 players
Game mode
Random Map
Map size
Normal (6 player)
Population
200
Speed
Normal
Resources
Standard
Victory
Conquest
Starting age
Dark Age
Ending age
Imperial Age
RankedLock teamsTeams togetherTeam positionsShared explorationLock speedFull tech treeHidden civsTurbo modeCheats
Victory
Defeat
🇵🇱 Ethiopians · Poland
1318
+16
🇨🇿 Berbers · Czechia
1303
+17
🇧🇪 Italians · Belgium
1283
+18
🇫🇮 Ethiopians · Finland
1354
-18
🇩🇪 Magyars · Germany
1321
-17
🇦🇷 Maya · Argentina
1302
-16
Hane
9:08 Feudal Age
7:24 Loom
9:51 Double-Bit Axe
15:12 Fletching
17:04 Padded Archer Armor
22:23 Castle Age
22:20 Horse Collar
Kaer Morhen
2:52 Loom
9:47 Feudal Age
11:28 Double-Bit Axe
11:52 Horse Collar
16:12 Wheelbarrow
19:44 Scale Barding Armor
21:46 Bloodlines
21:48 Forging
24:36 Castle Age
GoodFunHaveLuck
7:11 Loom
9:38 Feudal Age
14:08 Fletching
24:05 Castle Age
Saladin
7:27 Loom
10:20 Feudal Age
10:55 Double-Bit Axe
17:12 Fletching
18:37 Horse Collar
Flash
6:53 Loom
9:18 Feudal Age
9:54 Double-Bit Axe
13:39 Fletching
16:57 Wheelbarrow
22:56 Castle Age
20:59 Gold Mining
21:00 Horse Collar
21:36 Padded Archer Armor
ElBochitaDeLaGente
0:26 Loom
9:02 Feudal Age
9:32 Double-Bit Axe
13:28 Fletching
19:03 Padded Archer Armor
Connection lost

Rejoining the realm…

Still unreachable

The connection could not be restored.

Session expired

The server has moved on; the page needs a fresh start.